 Dungeon Crawl Stone Soup version 0.22-a0-136-g83a10e5 (webtiles) character file.

6650 Sergey the Magician (level 11, 0/75 HPs)
             Began as a Vine Stalker Artificer on Feb 3, 2018.
             Was an Elder of Makhleb.
             Succumbed to a spiny frog's poison
             ... on level 1 of the Lair of Beasts.
             The game lasted 00:59:03 (5285 turns).

Sergey the Magician (Vine Stalker Artificer)        Turns: 5285, Time: 00:59:04

Health: 0/75       AC: 25    Str: 15    XL:     11   Next: 2%
Magic:  4/23       EV:  2    Int: 14    God:    Makhleb [****..]
Gold:   457        SH:  0    Dex: 15    Spells: 15/25 levels left

rFire    . . .     SeeInvis .   s - +0 blowgun
rCold    . . .     Gourm    .   (no shield)
rNeg     + + +     Faith    .   (armour currently unavailable)
rPois    +         Spirit   +   (helmet currently unavailable)
rElec    .         Reflect  .   (cloak currently unavailable)
rCorr    .         Harm     .   (gloves currently unavailable)
MR       +....     NoTele   +   (boots currently unavailable)
Stlth    ++........             (no amulet)
HPRegen  0.62/turn              (no ring)
MPRegen  0.18/turn              (no ring)

@: lethally poisoned (0 -> -2), tree-form, hasted, very quick
A: regeneration 1, magic shield, no potion heal 3, rot immunity
a: Minor Destruction, Lesser Servant of Makhleb, Major Destruction, Renounce
Religion


You were on level 1 of the Lair of Beasts.
You worshipped Makhleb.
Makhleb was greatly pleased with you.
You were not hungry.
You were a tree.
You visited 2 branches of the dungeon, and saw 12 of its levels.

You collected 457 gold pieces.

Inventory:

Hand Weapons
 d - the +9 falchion of Superiority {holy, rF+, unknown}
   (You found it on level 10 of the Dungeon)

   It has been blessed by the Shining One to cause great damage to the undead
   and demons.
   It protects you from fire.
 i - a +3 vampiric hand axe
 s - a +0 blowgun (weapon)
 D - a +1 dagger of venom
Missiles
 h - 366 stones
 j - 41 poisoned needles
 v - 69 arrows
 x - 27 bolts
 A - 5 tomahawks
 C - 104 sling bullets
 G - 3 javelins
 H - 2 curare-tipped needles (quivered)
Armour
 b - a +0 leather armour (melded)
 c - a cursed +0 pair of gloves (melded)
 m - a +1 helmet (melded)
 t - a +0 helmet
 u - a +0 pair of gloves
 y - a +1 cloak (melded)
Jewellery
 g - an uncursed ring of protection from fire {unknown}
 n - an uncursed ring of flight {unknown}
Wands
 p - a wand of flame (16)
 B - a wand of paralysis (14)
Scrolls
 a - 3 scrolls of amnesia
 q - 3 scrolls of fog
 w - 2 scrolls of blinking
 z - a scroll of enchant armour
 F - 2 scrolls of enchant weapon
Potions
 e - a potion of flight
Books
 o - a book of Changes

   Spells                             Type                      Level
   a - Beastly Appendage              Transmutation                1
   b - Sticks to Snakes               Transmutation                2
   c - Spider Form                    Transmutation/Poison         3
   d - Ice Form                       Ice/Transmutation            4
   e - Blade Hands                    Transmutation                5
Comestibles
 f - 7 rations
 I - 4 chunks of flesh


   Skills:
 + Level 1.7 Fighting
 - Level 1.7 Short Blades
 - Level 2.0 Dodging
 - Level 1.2 Stealth
 + Level 7.4 Unarmed Combat
 + Level 7.5 Spellcasting
 + Level 7.5 Transmutations
 - Level 3.0 Ice Magic
 + Level 7.5 Invocations
 - Level 5.0 Evocations


You had 15 spell levels left.
You knew the following spells:

 Your Spells              Type           Power        Failure   Level  Hunger
a - Beastly Appendage     Tmut           ####..       1%          1    None
b - Sticks to Snakes      Tmut           ####....     1%          2    None
c - Spider Form           Tmut/Pois      ###.......   9%          3    ##.....
q - Ice Form              Ice/Tmut       ###.....     16%         4    ####...


Dungeon Overview and Level Annotations

Branches:
Dungeon (11/15)              Lair (1/6) D:10
 Temple: D:4-7          Orc: D:9-12

Altars:
Fedhas
Hepliaklqana
Kikubaaqudgha
Makhleb
Nemelex Xobeh
Qazlal
Ru
Trog
Vehumet
Xom
Zin

Shops:
D:5 %

Annotations:
D:5 exclusions: downstairs and upstairs


Innate Abilities, Weirdness & Mutations

((You have razor-sharp teeth.))
Your natural rate of healing is unusually fast.
When hurt, damage is shared between your health and your magic reserves.
((Your bite disrupts and absorbs the magic of your enemies.))
Potions cannot restore your health.
You are immune to rotting.


Message History

Evoke which item? (* to show all) (? for menu, Esc to quit)
Aiming: Throw Flame
Press: ? - help, Shift-Dir - straight line, f - hippogriff
Aim: a hippogriff (moderately wounded, paralysed)
The puff of flame hits the hippogriff.
The hippogriff is severely wounded.
* * * LOW HITPOINT WARNING * * *
You feel sick.
Evoke which item? (* to show all) (? for menu, Esc to quit)
Okay, then.
Unknown command.
Okay, then.
Okay, then.
Evoke which item? (* to show all) (? for menu, Esc to quit)
Aiming: Throw Flame
Press: ? - help, Shift-Dir - straight line, f/p - hippogriff
Aim: a hippogriff (severely wounded, paralysed)
The puff of flame hits the hippogriff.
The hippogriff is almost dead.
You die...

#.##...P$. #.##.D..#
#.##.#.#
#########..#.D$#
?.....#......#.#
####...#.#.##...
#.#####P##†....#######..
#........HD.#.........
.. .##..<♣##.....##P####
# .#.....###.#.# #
..........##.###
###..........#
#........### ##......##
#....P## #######


You could see a five-headed hydra and a hippogriff (paralysed).

Vanquished Creatures
  The ghost of stickyfingers the Carver, a journeyman OpCK of Xom (D:11)
  2 two-headed ogres
  Pikel (D:5)
  Joseph (D:9)
  A shadow (D:11)
  A wyvern (D:9)
  2 yaks (D:11)
  A water moccasin (D:10)
  2 wargs (D:10)
  3 orc warriors
  A sky beast (D:8)
  A black bear (D:10)
  3 ogres
  3 centaurs
  2 big kobolds
  3 bullfrogs
  Blork the orc (D:5)
  2 scorpions
  4 killer bees
  A centaur zombie (D:10)
  2 crimson imps
  7 orc priests
  A bullfrog zombie (D:8)
  A bullfrog skeleton (D:7)
  A gnoll shaman (D:9)
  5 hounds
  A jelly (D:6)
  A centaur skeleton (D:4)
  2 iguanas
  2 orc wizards
  2 worker ants
  4 gnolls (D:9)
  7 adders
  2 shadow imps
  An adder skeleton (D:6)
  3 dart slugs
  3 leopard geckos
  16 orcs
  A giant cockroach (D:1)
  9 goblins
  3 hobgoblins
  17 jackals
  6 quokkas
  3 bats
  6 frilled lizards
  12 kobolds
  A leopard gecko skeleton (D:8)
  4 rats
159 creatures vanquished.

Vanquished Creatures (collateral kills)
  A spiny frog (Lair:1)
  2 yaks (D:11)
  3 killer bees (D:8)
  A chaos spawn (D:9)
  A centaur (D:9)
  A big kobold (D:8)
  A bullfrog (D:11)
  2 crimson imps
  A hound (D:9)
  2 jellies
  An orc priest (D:9)
  A bullfrog skeleton (D:8)
  2 orc wizards
  A worker ant (D:8)
  An adder (D:9)
  A shadow imp (D:9)
  3 orcs (D:5)
  A giant cockroach (D:4)
  A goblin (D:3)
  6 kobolds (D:9)
33 creatures vanquished.

Vanquished Creatures (others)
  2 orcs
  A plant (D:10)
3 creatures vanquished.

Grand Total: 195 creatures vanquished

Notes
Turn   | Place    | Note
-------+----------+-------------------------------------------
     0 | D:1      | Sergey the Vine Stalker Artificer began the quest for the Orb.
     0 | D:1      | Reached XP level 1. HP: 9/9 MP: 3/3
    33 | D:1      | Reached skill level 1 in Short Blades
   159 | D:1      | Reached XP level 2. HP: 5/14 MP: 5/5
   242 | D:2      | Found a stormy altar of Qazlal.
   263 | D:2      | Found a blossoming altar of Fedhas.
   263 | D:2      | Found a burning altar of Makhleb.
   265 | D:2      | Found a sparkling altar of Nemelex Xobeh.
   276 | D:2      | Became a worshipper of Makhleb the Destroyer
   339 | D:4      | Found a burning altar of Makhleb.
   506 | D:5      | Entered Level 5 of the Dungeon
   525 | D:6      | Learned a level 1 spell: Beastly Appendage
   590 | D:4      | Reached XP level 3. HP: 14/17 MP: 6/6
  1138 | D:3      | Reached * piety under Makhleb
  1171 | D:3      | Reached skill level 1 in Invocations
  1171 | D:3      | Gained mutation: Your natural rate of healing is unusually fast. [Vine Stalker growth]
  1171 | D:3      | Reached XP level 4. HP: 11/21 MP: 3/7
  1198 | D:3      | Reached skill level 1 in Spellcasting
  1198 | D:3      | Reached skill level 1 in Transmutations
  1346 | D:3      | Learned a level 2 spell: Sticks to Snakes
  1557 | D:3      | Found a bloodstained altar of Trog.
  1716 | D:3      | Reached skill level 1 in Unarmed Combat
  1716 | D:3      | Reached XP level 5. HP: 25/25 MP: 5/8
  1822 | D:4      | Learned a level 3 spell: Spider Form
  1844 | D:5      | Found a sacrificial altar of Ru.
  1857 | D:5      | Noticed Blork the orc
  1865 | D:5      | Killed Blork the orc
  1865 | D:5      | Reached XP level 6. HP: 26/29 MP: 4/10
  1925 | D:5      | Found Javuntul's Food Shoppe.
  1933 | D:5      | Reached ** piety under Makhleb
  2130 | D:4      | Noticed a phantom
  2196 | D:5      | Noticed a slave
  2197 | D:5      | Noticed Pikel
  2197 | D:5      | Noticed a slave
  2198 | D:5      | Noticed a slave
  2199 | D:5      | Noticed a slave
  2300 | D:5      | Killed Pikel
  2300 | D:5      | Reached XP level 7. HP: 32/32 MP: 1/13
  2339 | D:5      | Gained mutation: You have razor-sharp teeth. [Vine Stalker growth]
  2339 | D:5      | Reached XP level 8. HP: 37/37 MP: 6/14
  2519 | D:6      | Found an ancient bone altar of Kikubaaqudgha.
  2679 | D:7      | Learned a level 4 spell: Ice Form
  2913 | D:7      | Reached *** piety under Makhleb
  2913 | D:7      | Reached skill level 5 in Evocations
  3016 | D:7      | Found a glowing silver altar of Zin.
  3102 | D:7      | Found a hazy altar of Hepliaklqana.
  3256 | D:7      | Reached XP level 9. HP: 11/40 MP: 2/17
  3267 | D:7      | HP: 2/40 [poisoned by a killer bee]
  3725 | D:8      | Reached skill level 5 in Transmutations
  3730 | D:8      | Reached skill level 5 in Invocations
  3739 | D:8      | Reached skill level 5 in Spellcasting
  3822 | D:8      | HP: 1/40 [orc/war axe (4)]
  3827 | D:7      | HP: 2/40 [poisoned by a killer bee]
  3893 | D:9      | Reached skill level 5 in Unarmed Combat
  3924 | D:9      | Noticed Joseph
  3949 | D:9      | Killed Joseph
  4216 | D:9      | Reached skill level 1 in Ice Magic
  4244 | D:8      | Noticed a two-headed ogre
  4244 | D:8      | Reached **** piety under Makhleb
  4250 | D:8      | Found a radiant altar of Vehumet.
  4254 | D:8      | Killed a two-headed ogre
  4254 | D:8      | Reached XP level 10. HP: 44/44 MP: 2/20
  4468 | D:10     | Entered Level 10 of the Dungeon
  4644 | D:9      | You fall through a shaft for 2 floors!
  4743 | D:11     | Noticed stickyfingers's ghost (journeyman OpCK)
  4781 | D:11     | HP: 2/44 [poisoned by stickyfingers's ghost]
  4786 | D:11     | HP: 2/44 [poisoned by stickyfingers's ghost]
  4812 | D:11     | Killed stickyfingers's ghost
  4949 | D:10     | Noticed a two-headed ogre
  4972 | D:10     | Killed a two-headed ogre
  5010 | D:10     | Got an ivory falchion
  5056 | D:10     | Found a staircase to the Lair.
  5072 | D:10     | Reached skill level 1 in Fighting
  5168 | D:10     | Found a shimmering altar of Xom.
  5169 | D:10     | Found the +9 mace of Variability {chaos}
  5232 | Lair:1   | Entered Level 1 of the Lair of Beasts
  5246 | Lair:1   | Noticed a spiny frog
  5257 | Lair:1   | Noticed a five-headed hydra
  5279 | Lair:1   | Killed a spiny frog
  5279 | Lair:1   | Reached XP level 11. HP: 5/50 MP: 3/23
  5281 | Lair:1   | HP: 3/75 [poisoned by a spiny frog]
  5284 | Lair:1   | HP: 1/75 [poisoned by a spiny frog]
  5285 | Lair:1   | Succumbed to a spiny frog's poison

Vault maps used:
D:1:      dpeg_arrival_boxes_within_box, minivault_14, dk_noncrumbling_2
D:2:      minitemple
D:3:      lightli_temple_of_fire, chequers_ecumenical_altar_grove, first_ration
D:4:      bloody_makhleb, uniq_crazy_yiuf_cottage
D:5:      nicolae_ru_awakened_eye, minmay_temple_entry_enclosed_plants,
          serial_shops, shop_statue, uniq_pikel, uniq_blork_the_orc
D:6:      basic_altar, serial_bayou_lake_a
D:7:      zin_treasury, basic_altar, solitary_fountain
D:8:      vehumet_altar_wand_db, serial_shops, shop, david_nohive_1, hex_large
D:9:      uniq_joseph
D:10:     erik_lair_orcish_takeover, minmay_guarded_unrand_variability
D:11:     serial_co_window_serial, co_window_paths_a, co_window_corner_a,
          co_window_paths_a, co_window_paths_b, co_window_corner_a,
          co_window_of_opportunity_b, co_window_of_opportunity_c,
          co_window_of_opportunity_c, co_window_unsneaky_path_d,
          co_window_paths_c, co_window_2corner, co_window_corner_ca,
          glass_columns_a, glass_columns_a, glass_columns_a,
          minmay_statues_item, minmay_crystal_room
Lair:1:   serial_bayou_shore_a

Skill      XL: |  1  2  3  4  5  6  7  8  9 10 |
---------------+-------------------------------+-----
Short Blades   | 1 |  1.7
Evocations     | 3 4 5 |  5.0
Dodging        | 2 |  2.0
Invocations    | 1 2 3 4 6 7 |  7.5
Spellcasting   | 1 2 3 4 6 7 |  7.5
Transmutations | 1 2 3 4 6 7 |  7.5
Unarmed Combat | 1 3 4 6 7 |  7.4
Ice Magic      | 2 3 |  3.0
Fighting       | 1 |  1.7
Stealth        | |  1.2

Action                   |  1- 3 |  4- 6 |  7- 9 | 10-12 || total
-------------------------+-------+-------+-------+-------++-------
Melee: Short sword       |   101 |    47 |    10 |       ||   158
       Bite              |    24 |    26 |    28 |     6 ||    84
       Unarmed           |    13 |    49 |   198 |   130 ||   390
       Kick              |     5 |    10 |    13 |     3 ||    31
       Punch             |       |       |     2 |     1 ||     3
       Dagger            |       |       |     5 |       ||     5
 Fire: Blowgun           |       |       |     5 |     7 ||    12
Throw: Javelin           |     9 |    13 |     8 |    10 ||    40
 Cast: Beastly Appendage |     3 |     4 |     8 |     1 ||    16
       Sticks to Snakes  |       |     9 |    20 |    14 ||    43
       Spider Form       |       |     2 |    14 |     6 ||    22
       Ice Form          |       |       |     2 |     6 ||     8
Invok: Minor Destruction |       |     5 |    12 |    13 ||    30
       Lesser Servant of |       |       |     3 |     5 ||     8
 Abil: End Transformatio |       |       |       |     1 ||     1
Evoke: Wand              |    10 |    30 |     5 |     4 ||    49
  Use: Scroll            |     1 |     3 |     5 |     3 ||    12
       Potion            |       |     3 |     3 |     2 ||     8
 Stab: Sleeping          |     2 |     1 |     2 |       ||     5
       Confused          |       |     2 |       |       ||     2
       Betrayed ally     |       |     1 |       |       ||     1
       Distracted        |       |       |     1 |       ||     1
  Eat: Chunk             |     1 |     4 |     5 |     5 ||    15
       Ration            |       |     1 |     1 |       ||     2
Armor: Leather armour    |    24 |    26 |    46 |    13 ||   109
       Skin              |       |     1 |     8 |    17 ||    26
Dodge: Dodged            |    76 |    76 |   199 |    74 ||   425

Table legend:
 A = Spawn XP
 B = Non-spawn XP
 C = Spawn XP percentage of total XP
 D = Spawn monster count
 E = Non-spawn monster count
 F = Spawn count percentage of total count
 G = Total turns spent on level
                    A         B        C        D         E        F      G
               +---------+---------+-------+---------+---------+-------+---------
         Total |       0 |    9500 |   0.0 |       0 |     193 |   0.0 |  5285
               +---------+---------+-------+---------+---------+-------+---------
           D:1 |       0 |      26 |   0.0 |       0 |      14 |   0.0 |   386
           D:2 |       0 |      34 |   0.0 |       0 |      18 |   0.0 |   384
           D:3 |       0 |     173 |   0.0 |       0 |      25 |   0.0 |   777
           D:4 |       0 |      62 |   0.0 |       0 |       5 |   0.0 |   359
           D:5 |       0 |     903 |   0.0 |       0 |      10 |   0.0 |   439
           D:6 |       0 |     251 |   0.0 |       0 |      13 |   0.0 |   280
           D:7 |       0 |     837 |   0.0 |       0 |      24 |   0.0 |  1009
           D:8 |       0 |    1919 |   0.0 |       0 |      24 |   0.0 |   421
           D:9 |       0 |    1355 |   0.0 |       0 |      32 |   0.0 |   569
          D:10 |       0 |    1992 |   0.0 |       0 |      16 |   0.0 |   321
          D:11 |       0 |    1658 |   0.0 |       0 |      11 |   0.0 |   287
        Lair:1 |       0 |     290 |   0.0 |       0 |       1 |   0.0 |    53
               +---------+---------+-------+---------+---------+-------+---------
